 Dungeon Crawl Stone Soup version 0.29-a0-344-ge2f44be95a (webtiles) character file.

Game seed: 2547719871848482948

414 NinjaNoafa the Ducker (level 6, -9/47 HPs)
             Began as a Merfolk Gladiator on Apr 21, 2022.
             Mangled by a mummy (18 damage)
             ... in an ossuary.
             The game lasted 00:07:25 (4028 turns).

NinjaNoafa the Ducker (Merfolk Gladiator)           Turns: 4028, Time: 00:07:26

Health: -9/47      AC:  4    Str: 14    XL:     6   Next: 91%
Magic:  18/18      EV: 14    Int: 10    God:
Gold:   175        SH:  0    Dex: 17    Spells: 10/10 levels left

rFire   . . .      SeeInvis .   a - +0 trident
rCold   . . .      Faith    .   (no shield)
rNeg    . . .      Spirit   .   b - +0 leather armour
rPois   .          Reflect  .   (helmet restricted)
rElec   .          Harm     .   k - +0 cloak
rCorr   .          Rampage  .   (no gloves)
Will    .....                   (no boots)
Stlth   +.........              (no amulet)
HPRegen 0.95/turn               m - ring of magical power
MPRegen 0.16/turn               (no ring)

@: no status effects
A: (nimble swimmer 2), mertail, horns 1, agile 1, regeneration 1, sturdy frame 1
a: no special abilities


You were in an ossuary.
You visited 1 branch of the dungeon, and saw 4 of its levels.
You also visited: Ossuary.

You collected 175 gold pieces.

Inventory:

Hand Weapons
 a - a +0 trident (weapon)
 i - a +0 short sword
 v - a +0 rapier
Missiles
 d - 2 throwing nets (quivered)
 e - 112 stones
Armour
 b - a +0 leather armour (worn)
 c - a +0 helmet
 k - a +0 cloak (worn)
Jewellery
 m - a ring of magical power (left hand)
Wands
 u - a wand of acid (10)
Scrolls
 j - a scroll of amnesia
 p - a scroll of enchant weapon
 q - a scroll of teleportation {unknown}
 r - a scroll of fog {unknown}
 s - 2 scrolls of immolation {unknown}
Potions
 f - 2 potions of brilliance
 h - 2 potions of mutation
 o - 2 potions of curing


   Skills:
 - Level 3.0 Fighting
 * Level 3.0 Short Blades
 - Level 4.2 Polearms
 + Level 2.9 Throwing
 - Level 5.0 Dodging
 * Level 2.5 Spellcasting
 * Level 2.0 Summonings
 * Level 3.7 Transmutations


You had 10 spell levels left.
You didn't know any spells.
Your spell library contained the following spells:

 Spells                   Type           Power      Damage    Failure   Level
 Beastly Appendage        Tmut           16%        N/A       7%          1
 Wereblood                Tmut           8%         N/A       10%         2
 Call Imp                 Summ           5%         N/A       21%         2
 Magic Dart               Conj           4%         1d3       30%         1
 Spider Form              Tmut/Pois      4%         N/A       41%         3
 Mephitic Cloud           Conj/Pois/Air  1%         N/A       67%         3
 Stone Arrow              Conj/Erth      2%         3d7       67%         3
 Animate Armour           Summ/Erth      6%         N/A       90%         4
 Lehudib's Crystal Spear  Conj/Erth      0%         10d2      100%        8


Dungeon Overview and Level Annotations

Branches:
Dungeon (4/15)            Ossuary (1/1)
 Temple: D:4-7

Altars:
Makhleb


Innate Abilities, Weirdness & Mutations

((You are very nimble when in or above water. (Stealth+, EV+, Speed+++)))
Your lower body shifts to a powerful aquatic tail in water.
You have a pair of small horns on your head.
You are agile. (Dex +2)
Your natural rate of healing is unusually fast.
Your movements are slightly less encumbered by armour. (ER -2)


Message History

You see here 2 glowing dark potions.
h - 2 glowing dark potions It was a potion of mutation.
You feel extremely strange.
Your thoughts seem clearer.
You see here 2 potions of mutation.
h - 3 potions of mutation (gained 2)
The mummy hits you.
You hit the mummy but do no damage.
The mummy is moderately damaged.
You hit the mummy.
The mummy is moderately damaged.
The mummy hits you! The orc zombie misses you.
You barely miss the orc zombie.
Really quaff the potion of mutation?
You feel extremely strange.
Your thinking seems confused.
You feel less encumbered by your armour.
You feel agile.
You begin to heal more quickly.
A pair of horns grows on your head!
Your +0 helmet falls away!
The orc zombie closely misses you. The mummy closely misses you.
You barely miss the mummy.
The mummy is moderately damaged.
The orc zombie closely misses you. The mummy completely misses you.
You hit the orc zombie.
The orc zombie is heavily damaged.
The orc zombie barely misses you.
You hit the mummy. You headbutt the mummy.
The mummy is severely damaged.
The mummy hits you!!
* * * LOW HITPOINT WARNING * * *
The orc zombie closely misses you.
As you read the scroll labelled ECWUHE UVEAPRUWIW, it crumbles to dust.
It is a scroll of identify.
j - a scroll of amnesia
As you read the scroll of identify, it crumbles to dust.
p - a scroll of enchant weapon The orc zombie hits you but does no damage.
The mummy hits you!!
You die...

######################
#....................#
#....................#
#........8..8........#
#....................#
#...######.^######...#
#...#.ZZ.#.^#....#...#
#...#.#M@#.^#..#.#...#
#...#.####^.####.#...#
#...#M...........#...#
#...#Z####.......#...#
#...#Z# #.......#...#
#...#...Z#.......#...#
#...######.∩.....#...#
#...#........'####...#
#...#.####...#...#...#


You could see a mummy and 2 orc zombies.

Vanquished Creatures
  3 elf zombies (Ossuary)
  3 human zombies (Ossuary)
  A hound (D:4)
  A mummy (Ossuary)
  2 adders (D:3)
  2 adder zombies (Ossuary)
  2 dart slugs
  5 endoplasms
  2 giant cockroaches
  3 goblins
  5 hobgoblins
  3 quokkas
  5 ball pythons
  6 bats
  2 goblin zombies (Ossuary)
  6 hobgoblin zombies (Ossuary)
  A jackal zombie (Ossuary)
  4 kobolds
  4 kobold zombies (Ossuary)
  11 orc zombies (Ossuary)
  5 rats
  A rat zombie (Ossuary)
77 creatures vanquished.

Notes
Turn   | Place    | Note
-------+----------+-------------------------------------------
     0 | D:1      | NinjaNoafa the Merfolk Gladiator began the quest for the
                  | Orb.
     0 | D:1      | Reached XP level 1. HP: 16/16 MP: 1/1
    57 | D:1      | Reached XP level 2. HP: 12/22 MP: 2/2
   224 | D:1      | Reached skill level 1 in Transmutations
   935 | D:1      | Reached XP level 3. HP: 27/28 MP: 4/4
  1316 | D:2      | Found a faded altar of an unknown god.
  1330 | D:2      | Reached skill level 1 in Spellcasting
  2490 | D:3      | Reached skill level 1 in Short Blades
  2490 | D:3      | Reached XP level 4. HP: 31/34 MP: 5/5
  2748 | D:4      | Found a burning altar of Makhleb.
  2866 | D:4      | Found a sand-covered staircase.
  2875 | Ossuary  | Entered an ossuary
  3155 | Ossuary  | Reached XP level 5. HP: 16/40 MP: 7/7
  3506 | Ossuary  | Reached skill level 1 in Summonings
  3506 | Ossuary  | Reached XP level 6. HP: 28/47 MP: 9/9
  3841 | Ossuary  | Reached skill level 5 in Dodging
  4017 | Ossuary  | Gained mutation: You possess an exceptional clarity of
                  | mind. [potion of mutation]
  4023 | Ossuary  | Lost mutation: You possess an exceptional clarity of mind.
                  | [potion of mutation]
  4023 | Ossuary  | Gained mutation: Your movements are slightly less
                  | encumbered by armour. (ER -2) [potion of mutation]
  4023 | Ossuary  | Gained mutation: You are agile. (Dex +2) [potion of
                  | mutation]
  4023 | Ossuary  | Gained mutation: Your natural rate of healing is unusually
                  | fast. [potion of mutation]
  4023 | Ossuary  | Gained mutation: You have a pair of small horns on your
                  | head. [potion of mutation]
  4028 | Ossuary  | Mangled by a mummy

Illustrated notes

Levels and vault maps discovered:
D:1:      dpeg_arrival_tiny_a, layout_basic
D:2:      layout_basic, nicolae_ecumenical_pavilion, serial_glass,
          glass_columns_b, glass_columns_b
D:3:      layout_basic
D:4:      layout_loops_ring, makhleb_heckhound_becter, dancing_weapons_uskayaw,
          minmay_temple_entry_hall, enter_ossuary_1, uniq_ijyb
Ossuary:  ossuary_tomb_1

Skill      XL: |  1  2  3  4  5  6 |
---------------+-------------------+-----
Transmutations | 1 2 3 |  3.7
Spellcasting   | 1 2 |  2.5
Short Blades   | 1 2 3 |  3.0
Fighting       | 3 |  3.0
Summonings     | 1 2 |  2.0
Dodging        | 5 |  5.0
Polearms       | |  4.2
Throwing       | |  2.9

Action                   |  1- 3 |  4- 6 || total
-------------------------+-------+-------++-------
Melee: Trident           |   106 |    92 ||   198
       Punch             |     1 |     4 ||     5
       Short sword       |    22 |       ||    22
       Rapier            |       |   105 ||   105
       Headbutt          |       |     1 ||     1
Throw: Javelin           |     5 |       ||     5
       Throwing net      |     1 |       ||     1
Evoke: Wand              |       |     1 ||     1
  Use: Potion            |       |    10 ||    10
       Scroll            |       |     2 ||     2
 Stab: Invisible         |       |     1 ||     1
Armor: Leather armour    |    37 |    49 ||    86
Dodge: Dodged            |   114 |   132 ||   246

Table legend: (Time is in decaauts)
 A = Elapsed time spent in this place.
 B = Non-inter-level travel time spent in this place.
 C = Inter-level travel time spent in this place.
 D = Time resting spent in this place.
 E = Time spent auto-exploring this place.
 F = Levels seen in this place.
 G = Mean time per level.
                   A        B        C        D        E       F      G
               +--------+--------+--------+--------+--------+-----+--------+
         Total |   4039 |   3985 |     54 |    263 |   3013 |   5 |  807.8 |
       Dungeon |   2888 |   2834 |     54 |      0 |   2403 |   4 |  722.0 |
       Ossuary |   1151 |   1151 |      0 |    263 |    610 |   1 | 1151.0 |
               +--------+--------+--------+--------+--------+-----+--------+

Top non-repeatable levels by time:
 Ossuary: 1151 daAuts
     D:1: 1017 daAuts
     D:2: 948 daAuts
     D:3: 711 daAuts
     D:4: 211 daAuts
